 Dungeon Crawl Stone Soup version 0.30-a0-758-gc2c871d025 (webtiles) character file.

Game seed: 10845994219994966510

63 DEFE the Trooper (level 4, -3/37 HPs)
             Began as a Djinni Wanderer on Feb 10, 2023.
             Slain by a white imp (7 damage)
             ... on level 3 of the Dungeon.
             The game lasted 00:01:28 (1552 turns).

DEFE the Trooper (Djinni Wanderer)                  Turns: 1552, Time: 00:01:28

Health: -3/37      AC:  6    Str: 17    XL:     4   Next: 30%
Gold:   33         EV: 11    Int: 12    God:
                   SH:  0    Dex: 16

rFire   + + .      SeeInvis .    a - +2 hand axe
rCold   x . .      Faith    .    (no shield)
rNeg    . . .      Spirit   .    h - +0 ring mail
rPois   ∞          Reflect  .    (no helmet)
rElec   .          Harm     .    (no cloak)
rCorr   .          Rampage  .    c - +0 pair of gloves
Will    .....                    (boots unavailable)
Stlth   +                        (no amulet)
HPRegen 0.26/turn                k - ring of wizardry
MPRegen 0.00/turn                o - +6 ring of dexterity

@: flying
A: sickness immunity, fire resistance 2, cold vulnerability 1, float, innate
caster, HP casting, extra vitality 1
a: no special abilities


You were on level 3 of the Dungeon.
You visited 1 branch of the dungeon, and saw 3 of its levels.

You collected 33 gold pieces.

Inventory:

Hand Weapons
 a - a +2 hand axe (weapon)
 b - a +0 short sword
Armour
 c - a +0 pair of gloves (worn)
 e - a +0 leather armour
 h - a +0 ring mail (worn)
Jewellery
 k - a ring of wizardry (left hand)
 l - a ring of protection from cold
 o - a +6 ring of dexterity (right hand)
Scrolls
 d - a scroll of blinking
 j - a scroll of teleportation
 p - 2 scrolls of identify {unknown}
Potions
 f - a potion of berserk rage {unknown}
 g - a potion of curing {unknown}
 i - a potion of flight {unknown}
 m - 2 potions of lignification {unknown}
 n - a potion of invisibility {unknown}


   Skills:
 - Level 4.0 Fighting
 - Level 1.1 Short Blades
 + Level 3.8 Axes
 - Level 2.3 Dodging


You had 2 spell levels left.
You knew the following spells:

 Your Spells              Type           Power      Damage    Failure   Level
a - Sting                 Tmut/Pois      0%         1d3       24%         1
Your spell library was empty.

Dungeon Overview and Level Annotations

Branches:
Dungeon (3/15)

Altars:


Innate Abilities, Weirdness & Mutations

You are immune to sickness and miasma.
You are immune to poison.
Your flesh is very heat resistant. (rF++)
You are vulnerable to cold. (rC-)
You float through the air rather than walking.
You learn spells naturally, not from books.
Your magical power is your life essence.
You have superior vitality. (+4 MHP)


Message History

You take 9 damage, and have 28/37 hp.
MASSIVE DAMAGE!!
You hear the slow rusting of a drain nearby.
The white imp lashes its tail.
The white imp gestures at you. The puff of frost hits you!
You feel a terrible chill!
You take 12 damage, and have 16/37 hp.
MASSIVE DAMAGE!!
You are too injured to fight recklessly!
You are too injured to fight recklessly!
Unknown command.
You are too injured to fight recklessly!
Unknown command.
You are too injured to fight recklessly!
Unknown command.
You hit the white imp. The white imp misses you. The white imp gestures at you.
The puff of frost misses you.
You barely miss the white imp. The white imp gestures at you.
The puff of frost misses you.
Unknown command.
You hit the white imp.
The white imp hits you but does no damage.
You closely miss the white imp.
The white imp hits you but does no damage.
Unknown command.
You hit the white imp but do no damage. The white imp gestures at you.
The puff of frost hits you!
You feel a terrible chill!
* * * LOW HITPOINT WARNING * * *
You take 12 damage, and have 6/37 hp.
MASSIVE DAMAGE!!
You closely miss the white imp. The white imp hits you.
* * * LOW HITPOINT WARNING * * *
The white imp freezes you!
You feel a terrible chill!
You die...

############
#........).#
########
#......@5..#
#.......
##+##..##..#
##.######
#### +#
##..######
#.#.......
##..######
####........
#.........##
#.##.####.#
# #...# #


You could see a white imp.

Vanquished Creatures
  A gnoll (D:1)
  An adder (D:2)
  3 dart slugs
  5 ball pythons
  2 endoplasms
  2 giant cockroaches (D:1)
  8 goblins
  3 hobgoblins (D:1)
  A quokka (D:2)
  3 bats
  A frilled lizard (D:1)
  2 kobolds
  4 rats
36 creatures vanquished.

Notes
Turn   | Place    | Note
-------+----------+-------------------------------------------
     0 | D:1      | DEFE the Djinni Wanderer began the quest for the Orb.
     0 | D:1      | DEFE set off with the following items: a +2 hand axe, a +0
                  | short sword, a +0 pair of gloves, a scroll of blinking, a
                  | +0 leather armour.
     0 | D:1      | Reached XP level 1. HP: 21/21 MP: 0/0
   127 | D:1      | Reached XP level 2. HP: 26/26 MP: 0/0
   177 | D:1      | Reached XP level 3. HP: 17/31 MP: 0/0
   177 | D:1      | Learned a level 1 spell: Sting
   255 | D:1      | Found a faded altar of an unknown god.
  1319 | D:2      | Reached XP level 4. HP: 33/37 MP: 0/0
  1552 | D:3      | Slain by a white imp

Illustrated notes

Levels and vault maps discovered:
D:1:      amcnicky_arrival_underground_garden, layout_loops_ring,
          shapermc_ecumenical_altar_totnotflames
D:2:      layout_loops_ring, chequers_mini_garden
D:3:      minmay_chambers_of_twos, layout_loops_corners, portal_sewer_entry_d

Skill      XL: |  1  2 |
---------------+-------+-----
Axes           | 3 |  3.8
Fighting       | |  4.0
Short Blades   | |  1.1
Dodging        | |  2.3

Action                     |  1- 3 |  4- 6 || total
---------------------------+-------+-------++-------
  Melee: Hand axe          |    78 |    26 ||   104
    Use: Scroll            |       |     1 ||     1
 Armour: Leather armour    |    14 |       ||    14
         Ring mail         |    18 |     9 ||    27
  Dodge: Dodged            |    37 |    14 ||    51

Table legend: (Time is in decaauts)
 A = Elapsed time spent in this place.
 B = Non-inter-level travel time spent in this place.
 C = Inter-level travel time spent in this place.
 D = Time resting spent in this place.
 E = Time spent auto-exploring this place.
 F = Levels seen in this place.
 G = Mean time per level.
                   A        B        C        D        E       F      G
               +--------+--------+--------+--------+--------+-----+--------+
         Total |   1564 |   1473 |     91 |      5 |   1207 |   3 |  521.3 |
       Dungeon |   1564 |   1473 |     91 |      5 |   1207 |   3 |  521.3 |
               +--------+--------+--------+--------+--------+-----+--------+

Top non-repeatable levels by time:
     D:1: 786 daAuts
     D:2: 669 daAuts
     D:3: 108 daAuts
